 Dungeon Crawl Stone Soup version 0.24-a0-464-g6b2be6b8c7 (webtiles) character file.

Game seed: 6271239390466728576

22148 Peloso the Carver (level 12, 0/110 HPs)
             Began as a Minotaur Fighter on July 3, 2019.
             Was the Champion of Okawaru.
             Slain by a troll (1 damage)
             ... on level 12 of the Dungeon.
             The game lasted 00:38:56 (16066 turns).

Peloso the Carver (Minotaur Fighter)               Turns: 16066, Time: 00:38:57

Health: 0/110      AC: 15    Str: 24    XL:     12   Next: 60%
Magic:  11/11      EV: 11    Int:  5    God:    Okawaru [******]
Gold:   1119       SH:  0    Dex: 15    Spells: 11/11 levels left

rFire    . . .     SeeInvis +   a - +4 demon blade (pain)
rCold    . . .     Gourm    .   c - +0 shield
rNeg     . . .     Faith    .   t - +2 chain mail {rPois}
rPois    +         Spirit   .   (helmet restricted)
rElec    .         Reflect  .   (no cloak)
rCorr    .         Harm     .   (no gloves)
MR       .....                  L - +0 pair of boots
Stlth    ..........             (no amulet)
HPRegen  0.28/turn              n - ring of see invisible
MPRegen  0.12/turn              B - +3 ring of dexterity

@: confused
A: retaliatory headbutt, horns 2
a: Heroism, Finesse, Renounce Religion


You were on level 12 of the Dungeon.
You worshipped Okawaru.
Okawaru was exalted by your worship.
You were hungry.

You visited 2 branches of the dungeon, and saw 15 of its levels.
You also visited: Sewer.

You collected 1119 gold pieces.

Inventory:

Hand Weapons
 a - a +4 demon blade of pain (weapon)
 b - a +5 scimitar of holy wrath
 p - a +2 broad axe of flaming
 v - a +0 hand crossbow
 Q - the +2 hunting sling of Cegherah {flame, rF+ Str+3 Dex+4 Stlth+}
   (You found it on level 2 of the Lair of Beasts)

   It causes projectiles fired from it to burn those they strike, causing extra
   injury to most foes and up to half again as much damage against particularly
   susceptible opponents.
   It affects your strength (+3).
   It affects your dexterity (+4).
   It protects you from fire.
   It makes you more stealthy.
Missiles
 I - 18 bolts
Armour
 c - a +0 shield (worn)
 t - a +2 chain mail of poison resistance (worn)
 J - a +0 plate armour
 L - a +0 pair of boots (worn)
Jewellery
 n - a ring of see invisible (left hand)
 o - an uncursed ring of magical power
 x - an uncursed ring of stealth
 y - an uncursed ring of stealth
 B - a +3 ring of dexterity (right hand)
 D - an uncursed ring of stealth
 N - an uncursed amulet of guardian spirit
Wands
 A - a wand of disintegration (8)
 C - a wand of random effects (27)
 F - a wand of polymorph (19)
 M - a wand of acid (5)
Scrolls
 g - 4 scrolls of enchant armour
 j - 7 scrolls of amnesia
 l - 4 scrolls of teleportation
 m - 5 scrolls of remove curse
 q - 4 scrolls of magic mapping
 r - 4 scrolls of enchant weapon {unknown}
 u - 4 scrolls of noise {unknown}
 w - a scroll of identify
 E - a scroll of fear
 K - a scroll of blinking {unknown}
 R - a scroll of acquirement {unknown}
Potions
 d - 3 potions of might
 e - 6 potions of flight
 h - 2 potions of haste
 i - 2 potions of cancellation
 k - 2 potions of invisibility
 s - 2 potions of magic
 z - 9 potions of curing
 H - a potion of ambrosia
 P - 2 potions of agility
 S - a potion of heal wounds
Miscellaneous
 G - a sack of spiders
Comestibles
 f - 35 rations


   Skills:
 + Level 11.3 Fighting
 + Level 14.3 Long Blades
 + Level 1.5 Axes
 + Level 11.4 Armour
 + Level 5.0 Dodging
 + Level 1.9 Stealth
 + Level 12.4 Shields
 + Level 0.7 Invocations
 + Level 1.2 Evocations


You had 11 spell levels left.
You didn't know any spells.
Your spell library contained the following spells:

 Spells                   Type           Power        Failure   Level  Hunger
 Corona                   Hex            #......      98%         1    ##.....
 Ensorcelled Hibernation  Hex/Ice        #.....       99%         2    ###....
 Confuse                  Hex            #.......     100%        3    ####...
 Dazzling Spray           Conj/Hex       #.....       100%        3    ####...
 Tukima's Dance           Hex            #.......     100%        3    ####...
 Ice Form                 Ice/Tmut       #.......     100%        4    #####..
 Metabolic Englaciation   Hex/Ice        #.........   100%        5    ######.
 Bolt of Cold             Conj/Ice       #.........   100%        6    #######
 Freezing Cloud           Conj/Ice/Air   #.........   100%        6    #######
 Ozocubu's Refrigeration  Ice            #.........   100%        6    #######
 Simulacrum               Ice/Necr       #.........   100%        6    #######


Dungeon Overview and Level Annotations

Branches:
Dungeon (12/15)            Temple (0/1) D:4            Lair (3/6) D:8
 Shoals (0/4) Lair:3       Spider (0/4) Lair:3          Orc (0/2) D:10

Altars:
Cheibriados
Fedhas
Gozag
Hepliaklqana
Kikubaaqudgha
Makhleb
Nemelex Xobeh
Okawaru
Qazlal
Uskayaw
Xom
Zin
The Shining One
Beogh

Shops:
D:5 %

Annotations:
D:8 2 transporters
Lair:1 2 transporters


Innate Abilities, Weirdness & Mutations

You reflexively headbutt those who attack you in melee.
You have a pair of horns on your head.


Message History

The bolt of electricity hits you.
The vampire points at you and mumbles some strange words.
You are confused.
You bump into the rock wall.
The yak gores you. x2
A slime creature comes into view.
The troll bites you! The troll claws you!
* * * LOW HITPOINT WARNING * * *
The troll claws you but does no damage.
The electric eel shoots out a bolt of lightning at you!
The bolt of electricity hits you!
* * * LOW HITPOINT WARNING * * *
You hit the yak. You headbutt the yak, but do no damage.
The yak is lightly wounded.
The yak gores you but does no damage. The yak gores you!
* * * LOW HITPOINT WARNING * * *
A slime creature comes into view.
The troll bites you!
* * * LOW HITPOINT WARNING * * *
The troll claws you but does no damage. The troll claws you.
You die...

,,,* *#≈≈≈≈** #....##..**,**,*,*
≈,,***≈≈≈≈≈≈** #....#*..**,**,,,,
≈≈,**≈≈≈≈≈≈≈≈**#V...##..*≈,**,,,*
≈≈≈*≈≈≈≈≈≈≈≈≈≈*#........≈≈≈**,,,*
≈≈≈≈≈≈≈≈≈≈≈≈≈≈≈#.....<.≈≈≈≈≈,,,,,
≈≈≈≈≈≈≈≈≈≈≈≈≈≈≈#....##≈≈≈≈≈≈≈*,,*
≈≈≈≈≈≈≈≈≈≈≈≈≈≈*#.....≈≈≈≈≈≈≈≈≈,,,
≈≈≈≈,≈≈≈≈≈≈≈≈**#.T..≈≈≈≈≈≈≈≈≈≈≈,*
≈≈≈*,*≈≈≈≈≈≈,* #@J..≈%J≈≈≈≈≈≈≈≈,*
≈≈,*,*,≈≈≈≈*,* #YY...≈≈J≈≈≈≈≈≈,,,
≈*,*,*,,≈≈**,**#Y...##≈;≈≈≈≈≈**,,
,,,,,*******,,,.Y...#*.≈≈≈≈≈***,*
,,,,,*,,,,,,,,*Z...%..,,≈≈≈,,,,,,
**,,,*,,,,,**,.....###.**≈,,,,,,,
**,,,*,,,,,**,.....#**,.*,,,***,*
*,,,,*,,,,,*,.......,,,∩,,,,,,,,,
,,,,**,,,,,*,,,,,,,,,,,,*,,,,,,,*


You could see 3 slime creatures, 3 yaks, a troll, a vampire, a sky beast, an
electric eel and a bullfrog zombie.

Vanquished Creatures
  A hydra (Lair:3)
  A centaur warrior (D:9)
  2 unseen horrors
  An orc knight (D:11)
  An orb spider (Lair:3)
  2 black mambas
  4 elephants (Lair:3)
  5 spiny frogs
  A gargoyle (D:10)
  2 polar bears (Lair:3)
  4 blink frogs (Lair:3)
  6 hippogriffs
  A spriggan (D:7)
  2 wraiths (D:10)
  A vampire (D:10)
  A wyvern (Lair:3)
  9 yaks
  A steam dragon (D:9)
  A hungry ghost (D:11)
  A basilisk (Lair:3)
  7 water moccasins
  9 porcupines
  16 orc warriors
  An eye of draining (D:10)
  6 ice beasts
  2 sky beasts
  9 ogres
  2 phantoms
  A black bear (D:11)
  3 centaurs
  13 wolves
  7 crocodiles
  5 big kobolds
  10 bullfrogs
  6 scorpions
  6 electric eels
  2 howler monkeys
  3 crimson imps
  2 centaur zombies
  2 bullfrog zombies
  3 jellies
  3 hounds
  12 orc priests
  2 centaur skeletons
  2 bullfrog skeletons
  5 worker ants
  Natasha (thrice) (D:2)
  4 iguanas
  4 orc wizards
  9 hell rats (Lair:3)
  A howler monkey skeleton (D:10)
  7 gnolls
  18 adders
  12 river rats
  A shadow imp (D:9)
  5 adder skeletons
  3 worms
  2 dart slugs
  10 leopard geckos
  62 orcs
  A ball python (D:5)
  8 giant cockroaches
  5 goblins
  8 hobgoblins
  16 jackals
  32 kobolds
  12 quokkas
  13 bats
  5 frilled lizards
  A leopard gecko skeleton (D:4)
  25 rats
  A fungus (Lair:3)
  A plant (D:2)
455 creatures vanquished.

Vanquished Creatures (others)
  A human (D:2)
  A bush (D:2)
  A plant (Lair:2)
3 creatures vanquished.

Grand Total: 458 creatures vanquished

Notes
Turn   | Place    | Note
-------+----------+-------------------------------------------
     0 | D:1      | Peloso the Minotaur Fighter began the quest for the Orb.
     0 | D:1      | Reached XP level 1. HP: 19/19 MP: 0/0
    84 | D:1      | Reached XP level 2. HP: 23/27 MP: 1/1
   675 | D:1      | Reached XP level 3. HP: 33/33 MP: 2/2
   897 | D:2      | Noticed Natasha
   904 | D:2      | Reached skill level 3 in Long Blades
   914 | D:2      | Killed Natasha
   914 | D:2      | Reached skill level 1 in Dodging
   914 | D:2      | Reached XP level 4. HP: 21/40 MP: 3/3
  1157 | D:2      | Noticed Natasha
  1168 | D:2      | Killed Natasha
  1626 | D:2      | Reached XP level 5. HP: 41/47 MP: 4/4
  2136 | D:2      | Noticed Natasha
  2149 | D:2      | Killed Natasha
  2149 | D:2      | Reached skill level 5 in Shields
  2482 | D:2      | Found an ancient bone altar of Kikubaaqudgha.
  2483 | D:2      | Noticed a human
  2485 | D:2      | Killed a human
  2830 | D:3      | Reached skill level 4 in Long Blades
  2895 | D:3      | Found a glowing golden altar of the Shining One.
  3131 | D:4      | Found an opulent altar of Gozag.
  3147 | D:4      | Reached XP level 6. HP: 39/53 MP: 5/5
  3414 | D:4      | Reached skill level 5 in Armour
  3621 | D:4      | Found an iron altar of Okawaru.
  3639 | D:4      | Became a worshipper of Warmaster Okawaru
  3685 | D:4      | Reached skill level 1 in Stealth
  3746 | D:4      | Found a staircase to the Ecumenical Temple.
  3879 | D:4      | Reached skill level 5 in Fighting
  3882 | D:4      | HP: 2/56 [gnoll/+0 flail (9)]
  4425 | D:5      | Entered Level 5 of the Dungeon
  4445 | D:5      | Noticed a sky beast
  4451 | D:5      | Killed a sky beast
  4451 | D:5      | Reached skill level 5 in Long Blades
  4451 | D:5      | Reached XP level 7. HP: 61/61 MP: 6/6
  4541 | D:5      | Reached * piety under Okawaru
  4903 | D:5      | Reached skill level 6 in Long Blades
  5376 | D:5      | Found Rafoh's Food Boutique.
  5504 | D:6      | Reached XP level 8. HP: 65/70 MP: 7/7
  5506 | D:6      | Noticed a brown ugly thing
  5519 | D:6      | Found a glowing drain.
  5534 | Sewer    | Entered a sewer
  5637 | Sewer    | Reached skill level 7 in Long Blades
  5676 | Sewer    | Found a white marble altar of Elyvilon.
  5784 | D:7      | Reached ** piety under Okawaru
  5812 | D:7      | Reached skill level 8 in Long Blades
  6406 | D:7      | Reached XP level 9. HP: 69/75 MP: 8/8
  6532 | D:7      | Found a snail-covered altar of Cheibriados.
  6969 | D:7      | Reached *** piety under Okawaru
  7057 | D:8      | Reached skill level 9 in Long Blades
  7064 | D:8      | Found a sparkling altar of Nemelex Xobeh.
  7174 | D:8      | Found a roughly hewn altar of Beogh.
  7880 | D:8      | Found a staircase to the Lair.
  7930 | D:8      | Noticed a cyan ugly thing
  7934 | D:8      | Found a hide-covered altar of Uskayaw.
  7946 | D:8      | Found a stormy altar of Qazlal.
  7950 | D:8      | Found a transporter.
  7960 | D:8      | Found a transporter.
  8075 | D:8      | Found a blossoming altar of Fedhas.
  8170 | D:8      | Reached skill level 10 in Long Blades
  8208 | D:8      | Found an iron altar of Okawaru.
  8417 | D:8      | Found an ancient bone altar of Kikubaaqudgha.
  8513 | D:9      | Noticed a centaur warrior
  8531 | D:9      | Killed a centaur warrior
  8531 | D:9      | Reached **** piety under Okawaru
  8531 | D:9      | Reached XP level 10. HP: 82/86 MP: 6/9
  8846 | D:9      | Found a glowing silver altar of Zin.
  8928 | D:9      | Found a hazy altar of Hepliaklqana.
  9004 | D:9      | Found a shimmering altar of Xom.
  9004 | D:9      | Found a burning altar of Makhleb.
  9420 | D:10     | Entered Level 10 of the Dungeon
  9446 | D:9      | Reached ***** piety under Okawaru
  9516 | D:10     | Reached skill level 11 in Long Blades
  9543 | D:10     | Reached skill level 10 in Shields
  9603 | D:10     | Killed an unseen horror
  9605 | D:10     | Received a gift from Okawaru
  9955 | D:10     | Reached skill level 12 in Long Blades
 10044 | D:10     | Noticed a gargoyle
 10053 | D:10     | Killed a gargoyle
 10106 | D:10     | Reached XP level 11. HP: 76/97 MP: 10/10
 10532 | D:10     | Found a staircase to the Orcish Mines.
 10702 | Lair:1   | Entered Level 1 of the Lair of Beasts
 11074 | Lair:1   | Received a gift from Okawaru
 11466 | Lair:1   | Found a transporter.
 11502 | Lair:1   | Found a transporter.
 11503 | Lair:1   | Noticed a swamp dragon
 11504 | Lair:1   | Noticed a swamp dragon
 11812 | Lair:1   | Reached skill level 10 in Armour
 12117 | Lair:2   | Reached skill level 13 in Long Blades
 12674 | Lair:2   | Got a steaming hunting sling
 13246 | Lair:2   | Identified the cursed +2 hunting sling of Cegherah {flame,
                  | rF+ Str+3 Dex+4 Stlth+} (You found it on level 2 of the
                  | Lair of Beasts)
 13356 | Lair:3   | Found a staircase to the Shoals.
 13827 | Lair:3   | Received a gift from Okawaru
 13957 | Lair:3   | Reached skill level 10 in Fighting
 13968 | Lair:3   | Reached XP level 12. HP: 90/106 MP: 11/11
 14019 | Lair:3   | Reached ****** piety under Okawaru
 14239 | Lair:3   | Found a hole to the Spider Nest.
 14560 | Lair:3   | Noticed a seven-headed hydra
 14575 | Lair:3   | Killed a four-headed hydra
 14707 | Lair:3   | Reached skill level 1 in Evocations
 14711 | Lair:3   | Reached skill level 14 in Long Blades
 15404 | D:11     | Reached skill level 1 in Axes
 15528 | D:11     | Reached skill level 5 in Dodging
 16066 | D:12     | HP: 1/110 [troll (8)]
 16066 | D:12     | Slain by a troll

Levels and vault maps discovered:
D:1:      dpeg_arrival_solitude, layout_basic
D:2:      layout_basic, first_ration, serial_forest,
          infiniplex_forest_clump_small, infiniplex_forest_clump_cross,
          infiniplex_forest_clump_medium, infiniplex_forest_corner_2,
          infiniplex_forest_clump_cross, infiniplex_forest_fountain,
          tgw_kikubaaqudgha, uniq_natasha
D:3:      layout_rooms, lemuel_doored_altar
D:4:      layout_gridville, grunt_gozag_statues, minmay_temple_entry_large_hall,
          hangedman_abyss_or_decor_stagger, kennysheep_okawaru_gauntlet
D:5:      layout_basic, serial_shops, nicolae_shop_trees
D:6:      layout_cave_pools, gup_sewer_entry_pipe, roderic_roman_lattice,
          minivault_4, minmay_misc_feat_diagonals,
          hangedman_abyss_or_decor_lesser_grid, minmay_microvault
D:7:      layout_loops_cross, cheibriados_altar_1, palyth_stone_intersect,
          the_bakery, minmay_misc_feat_columns, corexii_item_surrounded_by_moat
D:8:      layout_loops_ring, fedhas_altar_3, kennysheep_little_box,
          nemelex_xobeh_ov_fountains_minmay, kennysheep_mini_moat,
          gammafunk_temple_overflow_arena, lair_entry_dummy, special_room
          [special_room_orc]
D:9:      layout_roguey, grunt_temple_overflow_champion_of_chaos,
          lemuel_round_altar, nicolae_overflow_crystal_walls,
          chequers_hall_statues_corner_a
D:10:     layout_rooms, hiddenorc1_lemuel
D:11:     layout_roguey [special_room_orc], minmay_misc_feat_encased
D:12:     layout_basic, special_room [special_room_orc], serial_shops, shop,
          gauntlet_entry_generic, uniq_jorgrun, uniq_azrael
Lair:1:   gammafunk_cloud_chamber, layout_small_grid, minivault_19,
          beast_lair_carwin_10
Lair:2:   layout_gridlike, serial_bayou_lagoon_b, lemuel_fruit_tree
Lair:3:   lemuel_ratsnest, layout_loops_ring, elwin_shoals_entry_rocks,
          nicolae_spider_entry_orb_guardian

Skill      XL: |  1  2  3  4  5  6  7  8  9 10 11 12 |
---------------+-------------------------------------+-----
Shields        | 4 5 6 7 9 10 11 12 | 12.4
Fighting       | 4 5 6 7 9 10 11 | 11.3
Armour         | 4 5 6 7 8 11 | 11.4
Long Blades    | 3 4 5 6 8 10 12 13 14 | 14.3
Dodging        | 1 2 3 4 5 |  5.0
Stealth        | 1 |  1.9
Evocations     | 1 |  1.2
Axes           | 1 |  1.5
Invocations    | |  0.7

Action                   |  1- 3 |  4- 6 |  7- 9 | 10-12 || total
-------------------------+-------+-------+-------+-------++-------
Melee: Long sword        |   102 |   265 |   368 |   398 ||  1133
       Headbutt          |    14 |    75 |    80 |   230 ||   399
       Demon blade       |       |       |       |   413 ||   413
       Broad axe         |       |       |       |     6 ||     6
Invok: Heroism           |       |       |     5 |     4 ||     9
Evoke: Wand              |       |       |       |    14 ||    14
  Use: Scroll            |       |       |    14 |     6 ||    20
       Potion            |       |       |     1 |     3 ||     4
  Eat: Chunk             |       |    11 |     9 |    26 ||    46
       Ration            |       |       |     1 |       ||     1
Armor: Scale mail        |    78 |    20 |       |       ||    98
       Chain mail        |       |    70 |   114 |    39 ||   223
       Plate armour      |       |       |       |   235 ||   235
Dodge: Dodged            |    51 |    48 |    80 |   184 ||   363
Block: Shield            |    66 |   107 |   180 |   457 ||   810
       Rpst.: Long sword |    10 |    16 |     8 |    29 ||    63
       Demon blade       |       |       |       |    28 ||    28

Table legend:
 A = Non-vault XP
 B = Vault XP
 C = Vault XP percentage of total XP
 D = Non-vault monster count
 E = Vault monster count
 F = Vault count percentage of total count
                 A         B        C        D         E       F
            +---------+---------+-------+---------+---------+-------
      Total |   25853 |    5788 |  18.3 |     321 |     132 |  29.1
            +---------+---------+-------+---------+---------+-------
        D:1 |      47 |       0 |   0.0 |      29 |       0 |   0.0
        D:2 |     157 |      35 |  18.2 |      31 |       1 |   3.1
        D:3 |     102 |       0 |   0.0 |      24 |       0 |   0.0
        D:4 |     372 |       0 |   0.0 |      19 |       0 |   0.0
        D:5 |     567 |       0 |   0.0 |      11 |       0 |   0.0
        D:6 |     484 |      16 |   3.2 |       8 |       6 |  42.9
        D:7 |    1368 |     325 |  19.2 |      27 |       2 |   6.9
        D:8 |     684 |     487 |  41.6 |      17 |      23 |  57.5
        D:9 |    2648 |      50 |   1.9 |      38 |       1 |   2.6
       D:10 |    4036 |     342 |   7.8 |      41 |      17 |  29.3
       D:11 |    2055 |    1875 |  47.7 |      14 |      24 |  63.2
       D:12 |     108 |       0 |   0.0 |       2 |       0 |   0.0
     Lair:1 |    2661 |    1209 |  31.2 |      11 |       9 |  45.0
     Lair:2 |    2601 |       0 |   0.0 |      17 |       0 |   0.0
     Lair:3 |    7963 |    1326 |  14.3 |      32 |      40 |  55.6
      Sewer |       0 |     123 | 100.0 |       0 |       9 | 100.0
            +---------+---------+-------+---------+---------+-------
